AoeStats
← 客官

Arabia

508437663Analyzed
4v4 RM · 11d ago on Sep 22, 2026· 43m 20s· 8 players
Game mode
Random Map
Map size
Large (8 player)
Population
200
Speed
Normal
Resources
Standard
Victory
Conquest
Starting age
Dark Age
Ending age
Imperial Age
RankedLock teamsTeams togetherTeam positionsShared explorationLock speedFull tech treeHidden civsTurbo modeCheats
Victory
Defeat
🇦🇷 Vietnamese · Argentina
1391
+15
🇨🇳 Saracens · China
1356
+17
🇩🇪 Franks · Germany
1334
+18
🇧🇦 Persians · Bosnia & Herzegovina
1295
+18
🇹🇼 Maya · Taiwan
1382
-18
🇹🇼 Khmer · Taiwan
1377
-17
🇭🇰 Portuguese · Hong Kong SAR China
1374
-17
🇨🇳 Persians · China
1343
-16
[RDNT] Taroel
10:14 Feudal Age
8:30 Loom
10:50 Double-Bit Axe
14:21 Forging
16:00 Scale Barding Armor
22:18 Castle Age
20:54 Gold Mining
23:37 Chain Barding Armor
23:53 Iron Casting
23:43 Husbandry
31:37 Bow Saw
32:16 Wheelbarrow
38:59 Imperial Age
37:54 Hand Cart
40:09 Gold Shaft Mining
39:25 Stone Mining
39:02 Cavalier
40:23 Plate Barding Armor
40:49 Blast Furnace
40:37 Paladin
42:42 Light Cavalry
44:09 Conscription
客官
7:01 Loom
9:33 Feudal Age
11:59 Town Watch
12:45 Double-Bit Axe
13:05 Gold Mining
13:01 Horse Collar
16:08 Fletching
18:30 Padded Archer Armor
26:58 Castle Age
25:13 Stone Mining
27:24 Crossbowman
28:01 Bodkin Arrow
28:16 Thumb Ring
29:05 Leather Archer Armor
30:00 Bow Saw
33:55 Ballistics
36:50 Wheelbarrow
44:13 Imperial Age
43:30 Gold Shaft Mining
42:57 Heavy Plow
都挺好
4:06 Loom
13:07 Feudal Age
13:41 Double-Bit Axe
13:39 Horse Collar
18:56 Gold Mining
21:09 Fletching
21:19 Padded Archer Armor
24:50 Castle Age
24:56 Crossbowman
25:42 Thumb Ring
26:05 Bow Saw
26:14 Heavy Plow
27:26 Leather Archer Armor
28:48 Bodkin Arrow
30:09 Squires
30:52 Ballistics
36:38 Wheelbarrow
39:21 Imperial Age
38:48 Hand Cart
39:27 Arbalester
41:11 Chemistry
40:49 Bracer
42:32 Two-Man Saw
42:34 Crop Rotation
42:20 Elite Skirmisher
43:32 Ring Archer Armor
43:03 Scale Mail Armor
42:56 Stone Mining
43:01 Town Watch
43:42 Fortified Wall
44:20 Coinage
44:00 Guilds
1godi
6:08 Loom
6:46 Loom
9:39 Feudal Age
10:09 Double-Bit Axe
10:28 Horse Collar
16:28 Scale Barding Armor
18:53 Town Watch
21:42 Castle Age
22:21 Wheelbarrow
22:31 Chain Barding Armor
25:53 Bloodlines
28:46 Forging
28:41 Husbandry
30:31 Heavy Plow
34:28 Gold Mining
36:26 Iron Casting
36:16 Hand Cart
36:42 Stone Mining
40:17 Imperial Age
37:50 Town Watch
41:16 Plate Barding Armor
40:05 Cavalier
43:17 Blast Furnace
42:43 Bow Saw
43:05 Crop Rotation
anny52086
7:38 Loom
11:00 Feudal Age
18:47 Horse Collar
19:43 Double-Bit Axe
20:34 Scale Barding Armor
20:40 Forging
22:22 Forging
25:58 Castle Age
24:16 Bloodlines
26:42 Husbandry
27:29 Chain Barding Armor
27:45 Iron Casting
29:33 Town Watch
30:23 Wheelbarrow
30:44 Heavy Plow
娘子出來看上帝了
0:31 Loom
10:02 Feudal Age
12:21 Double-Bit Axe
13:56 Fletching
21:18 Padded Archer Armor
22:09 Gold Mining
24:20 Castle Age
23:36 Horse Collar
24:27 Crossbowman
25:12 Bodkin Arrow
26:11 Thumb Ring
27:50 Bow Saw
28:59 Wheelbarrow
33:22 Leather Archer Armor
适才相戏耳
8:50 Feudal Age
7:55 Loom
9:18 Double-Bit Axe
11:33 Gold Mining
13:20 Fletching
13:31 Padded Archer Armor
13:49 Horse Collar
18:48 Wheelbarrow
23:29 Castle Age
23:31 Crossbowman
24:09 Bodkin Arrow
24:29 Bow Saw
25:42 Ballistics
25:27 Heavy Plow
25:45 Thumb Ring
30:56 Hand Cart
38:25 Imperial Age
36:46 Stone Mining
40:21 Chemistry
39:40 Bracer
39:38 Arbalester
谢por
8:19 Loom
10:36 Feudal Age
15:24 Scale Barding Armor
16:54 Forging
24:46 Castle Age
22:29 Fishing Lines
22:38 Double-Bit Axe
22:53 Gold Mining
23:30 Bloodlines
26:05 Wheelbarrow
26:05 Chain Barding Armor
25:55 Husbandry
26:56 Bow Saw
30:37 Iron Casting
34:23 Gold Shaft Mining
33:39 Stone Mining
39:24 Imperial Age
39:15 Hand Cart
38:47 Town Watch
39:09 Cavalier
40:42 Plate Barding Armor
44:38 Blast Furnace
Connection lost

Rejoining the realm…

Still unreachable

The connection could not be restored.

Session expired

The server has moved on; the page needs a fresh start.